[Event "*** Titled Tuesday Blitz"]
[Site "Chess.com"]
[Date "2021.04.27"]
[Round "8"]
[White "blitzking1729"]
[Black "Nafania1"]
[Result "1/2-1/2"]
[WhiteElo "2666"]
[BlackElo "2550"]
[TimeControl "180+1"]
[EndTime "11:28:29 PDT"]
[Termination "Game drawn by repetition"]

1. Nf3 c5 2. c4 Nc6 3. g3 g6 4. Bg2 Bg7 5. O-O d6 6. Nc3 Bf5 7. d3 Qd7 8. Nd5 Rc8 9. e4 Bg4 10. Be3 Bxb2 11. Rb1 Bg7 12. Qb3 b6 13. Ng5 h6 14. Nf3 e6 15. Nf4 Bxf3 16. Bxf3 Nge7 17. Bg2 O-O 18. Ne2 Nd4 19. Nxd4 cxd4 20. Bd2 e5 21. f4 exf4 22. Bxf4 Nc6 23. Qb5 Rc7 24.
Kh1 g5 25. Bd2 Ne5 26. Qb3 Qg4 27. Rf2 Qh5 28. Kg1 Ng4 29. Bf3 Qh3 30. Bxg4 Qxg4 31.
Bb4 Rd7 32. Rbf1 Be5 33. Kg2 Kg7 34. Qc2 h5 35. Qe2 Qxe2 36. Rxe2 f6 37. Rf5 Rb8 38. a4 a6 39. Rb2 Rdb7 40. Rf1 Kg6 41. h3 Kf7 42.
Ra1 Ke6 43. Rf1 Kd7 44. Ra1 Kc6 45. Rc1 Rc8 46. Ba3 Rcb8 47. Rcb1 Kc7 48. Bb4 Kc6 49. Bd2 Kc7 50. Kf3 Kc6 51. Rc1 Rc8 52. Ra1 Rcb8 53. Rba2 Rc8 54. Rb1 Rcb8 55. Rc2 Rc8 56. h4 g4+ 57. Kf2 Rcb8 58. Rcb2 Kc7 59. Rc2 Kc6 60.
Bc1 Kc7 61. Bd2 Kc6 1/2-1/2

[Event "*** Titled Tuesday Blitz"]
[Site "Chess.com"]
[Date "2021.04.27"]
[Round "8"]
[White "karwowskikacper"]
[Black "rachidhuilda"]
[Result "0-1"]
[WhiteElo "2392"]
[BlackElo "2277"]
[TimeControl "180+1"]
[EndTime "11:28:32 PDT"]
[Termination "rachidhuilda won by checkmate"]

1. e4 d5 2. exd5 Qxd5 3. Nc3 Qa5 4. g3 c6 5. Bg2 Nf6 6. Nge2 Bf5 7. O-O e6 8. d3 Nbd7 9. a3 Be7 10. Bf4 O-O 11.
b4 Qd8 12. Rb1 Nb6 13. b5 Nbd5 14. Nxd5 Nxd5 15. bxc6 bxc6 16. Qc1 Qa5 17. Nd4 Bxa3 18. Bd2 Qc5 19. Nb3 Bxc1 20. Nxc5 Bxd2 21. c4 Nf6 22. Rfd1 Bc3 23. d4 Rac8 24. Nb7 Be4 25. Nd6 Bxb1 26. Nxc8 Rxc8 27. Rxb1 Bxd4 28. Rb7 e5 29.
Bxc6 Ng4 30. Bb5 Nxf2 31. Kg2 Ng4 32. h3 Ne3+ 33. Kf3 Nf5 34. g4 Nd6 35. Rd7 Nxb5 36. cxb5 g6 37. Ke4 Rb8 38. Rd5 Rb7 39. h4 Kg7 40. h5 h6 41. hxg6 Kxg6 42. Rd6+ f6 43. Re6 Rb6 44. Re8 Rxb5 45. Rg8+ Kf7 46. Ra8 Kg6 47. Rg8+ Kf7 48. Ra8 Kg7 49. Kf5 Rb3 50. Rc8 Rf3+ 51. Ke6 Rf4 52. Rc7+ Kg6 53. Rc8 Rxg4 54.
Rh8 Kh5 55. Kf5 Rf4+ 56. Ke6 e4 57. Kd5 e3 58. Re8 Be5 59. Rc8 e2 60. Rc1 Rf1 61.
Rc4 e1=Q 62. Ke6 Bd4+ 63. Kd5 Qe5+ 64. Kc6 Qe6+ 65. Kb5 Qxc4+ 66. Ka5 Qc5+ 67. Ka4 Ra1+ 68. Kb3 Qc3# 0-1

[Event "*** Titled Tuesday Blitz"]
[Site "Chess.com"]
[Date "2021.04.27"]
[Round "8"]
[White "LenkaPtacnikova"]
[Black "mjray79"]
[Result "0-1"]
[WhiteElo "2202"]
[BlackElo "2465"]
[TimeControl "180+1"]
[EndTime "11:28:36 PDT"]
[Termination "mjray79 won on time"]

1. Nf3 Nf6 2. g3 g6 3. Bg2 Bg7 4. O-O O-O 5. d4 d6 6. c4 Nc6 7. Nc3 a6 8. e4 Bg4 9. h3 Bxf3 10. Bxf3 e5 11. d5 Nd4 12. Bg2 Re8 13. Be3 Nd7 14.
b4 f5 15. c5 dxc5 16. bxc5 Nxc5 17. exf5 gxf5 18. Rc1 Qd6 19. Re1 Rad8 20. f4 Ne4 21. Nxe4 fxe4 22. Bxe4 Kh8 23. Qh5 h6 24. Bxd4 exd4 25.
Qf5 Kg8 26. Qh7+ Kf8 27. Qf5+ Qf6 28. Qg4 Re7 29. Bh7 d3 30. Rxe7 Qxe7 31. Qf5+ Bf6 32. Qxd3 Rxd5 33. Qxd5 Qe3+ 34. Kg2 Qxc1 35. Qd3 Qb2+ 36.
Qc2 Qb6 37. Be4 c5 38. Kf3 Qc7 39. Qc4 b5 40. Qd5 Kg7 41. Bf5 c4 42. g4 c3 43. g5 hxg5 44. fxg5 Bxg5 45. Bc2 Qf4+ 46. Ke2 Qe3+ 47. Kf1 Qc1+ 48. Qd1 Qxd1+ 49. Bxd1 Kf6 50. Ke2 Ke5 51. Kd3 Bd2 52. Bf3 Kd6 53. Bb7 a5 54. h4 Kc5 55. h5 Kb4 56. Bc6 Bh6 57. Be8 Bg7 58. Kc2 Kc4 59. Bf7+ Kc5 60. Kd3 Kb4 61.
Be8 Ka4 62. Bd7 Bh8 63. Be8 Ka3 64. Bxb5 Kb2 65. Ba4 Kxa2 66. Kc2 Ka3 67. Bd7 Kb4 0-1

[Event "*** Titled Tuesday Blitz"]
[Site "Chess.com"]
[Date "2021.04.27"]
[Round "8"]
[White "KhatanbaatarBazar"]
[Black "Twitch_ElhamBlitz05"]
[Result "1-0"]
[WhiteElo "2680"]
[BlackElo "2835"]
[TimeControl "180+1"]
[EndTime "11:28:40 PDT"]
[Termination "KhatanbaatarBazar won by resignation"]

1. e4 c6 2. d4 d5 3. f3 e6 4. Be3 Nf6 5. e5 Nfd7 6. c3 c5 7.
f4 Nc6 8. Nf3 b5 9. Bxb5 Qb6 10.
Qa4 Bb7 11. Nbd2 c4 12. O-O Rb8 13. Rab1 a6 14. Bxc6 Bxc6 15. Qc2 Qc7 16. f5 Be7 17. fxe6 fxe6 18. Bg5 Qd8 19. Bxe7 Qxe7 20. h4 h6 21. Qg6+ Kd8 22. b3 cxb3 23. axb3 Kc7 24. b4 Bb5 25. Rfc1 Nb6 26. Nb3 Nc4 27. Nc5 Rb6 28. Ne1 Ne3 29.
Ned3 Rf8 30. Re1 Nf5 31. h5 Nh4 32. Qg4 Rf5 33. Nf4 Bd7 34. Rf1 Kc8 35. Rf2 Rc6 36. Rbf1 Rxc5 37. bxc5 Kc7 38. Ng6 Qd8 39. Nxh4 Rg5 40.
Qh3 Rxh5 41. Qg3 Qxh4 42. Qxh4 Rxh4 43. Rf7 Rg4 44. Re7 Kd8 45. Ref7 Kc7 46. Rb1 a5 47. Rb6 a4 48. Rd6 a3 49. Rfxd7+ Kc8 50. Ra7 a2 51. Rxa2 Kb7 52. Raa6 Rf4 53. Rab6+ Kc8 54. Rxe6 Rf7 55. Rbd6 Ra7 56. Rxd5 Ra1+ 57. Kh2 h5 58. Re7 g5 59. Rg7 g4 60. Rd6 h4 61. Rxg4 h3 62.
Kxh3 Kc7 63. Rf6 Rh1+ 64. Kg3 Kd7 65. Rg7+ Ke8 66. Ra7 Rb1 67. Rb6 Kd8 68. Rxb1 Kc8 69. Rh1 1-0

[Event "*** Titled Tuesday Blitz"]
[Site "Chess.com"]
[Date "2021.04.27"]
[Round "8"]
[White "tteshan"]
[Black "fabianvivasz"]
[Result "0-1"]
[WhiteElo "2238"]
[BlackElo "2362"]
[TimeControl "180+1"]
[EndTime "11:28:40 PDT"]
[Termination "fabianvivasz won on time"]

1. d4 Nf6 2. c4 g6 3. Nc3 d5 4. Qb3 dxc4 5. Qxc4 Bg7 6. Nf3 O-O 7. e4 a6 8. Bf4 b5 9. Qxc7 Qxc7 10. Bxc7 Bb7 11. e5 Nd5 12. Nxd5 Bxd5 13. Be2 Nc6 14. O-O Rfc8 15.
Bb6 Rab8 16. Bc5 Nxe5 17. Nxe5 Bxe5 18. b4 Bf6 19. a4 a5 20. axb5 axb4 21. Bxb4 Bxd4 22.
Rad1 e5 23. Bd6 Bb3 24. Rb1 Rb6 25. Bxe5 Bxe5 26. Rxb3 Rc2 27. Re3 Bd4 28. Re8+ Kg7 29. h3 Rf6 30. Re4 Bb6 31. Re8 Rb2 32. Kh2 Bxf2 33.
Rd1 Bb6 34. Rd7 Kh6 35. Ree7 Rf2 36. Rxf7 Rfxe2 37. Rxh7+ Kg5 38. Rd5+ Kf4 39. Rh4+ Ke3 40. Re5+ Kd3 41. Rxe2 Rxe2 42. Rg4 Re6 43. Rg5 Be3 44. Rd5+ Kc4 45. Rd7 Kxb5 46. h4 Kc6 47. Rd8 Bf4+ 48.
Kh3 Bc7 49. Rg8 Kd5 50. g4 Re3+ 51. Kg2 Rg3+ 52. Kf2 Rxg4 53. Kf3 Rf4+ 54. Ke3 Re4+ 55. Kf3 Rf4+ 56. Ke3 Rf6 57. Rg7 Be5 58. Kd3 Rf3+ 59.
Ke2 Rf6 60. Rg8 Ke4 61. Re8 Kf5 62. Re7 Bf4 63. Kf3 Be5 64. Re8 Rf7 0-1

[Event "*** Titled Tuesday Blitz"]
[Site "Chess.com"]
[Date "2021.04.27"]
[Round "8"]
[White "PawnEatingZombie"]
[Black "Taktikmonster"]
[Result "1/2-1/2"]
[WhiteElo "2265"]
[BlackElo "2412"]
[TimeControl "180+1"]
[EndTime "11:28:43 PDT"]
[Termination "Game drawn by repetition"]

1. d4 Nf6 2. c4 e6 3. Nc3 Bb4 4. Qc2 O-O 5. e4 d5 6. e5 Ne4 7. Bd3 c5 8. Nf3 Nc6 9. O-O Bxc3 10. bxc3 f5 11. exf6 Nxf6 12. Ba3 b6 13. dxc5 Qe7 14.
cxd5 exd5 15. Rfe1 Qf7 16. cxb6 Rd8 17. b7 Bxb7 18.
Ng5 Qh5 19. Ne6 Re8 20. Nc7 Rxe1+ 21. Rxe1 Rc8 22. Bd6 Na5 23. Qe2 Nc4 24. Qxh5 Nxh5 25. Nb5 Nf6 26. Bg3 a6 27. Nd4 Ne4 28. Bxe4 dxe4 29.
h3 Nb2 30. Nf5 Rxc3 31. Nd6 Bd5 32. Nxe4 Bxe4 33. Rxe4 Nc4 34. Re7 h5 35. h4 Rc2 36.
a4 Ra2 37. Rc7 Rxa4 38. Ra7 Ra1+ 39. Kh2 a5 40. Bc7 a4 41. Kg3 a3 42. Ra4 Nb2 43. Ra8+ Kf7 44. Be5 a2 45. Bxb2 Rd1 46. Rxa2 Rd3+ 47.
f3 g6 48. Ra3 Rd2 49. Be5 Ke6 50. Bf4 Re2 51. Bg5 Kf5 52. Ra5+ Ke6 53. Ra8 Rc2 54. Re8+ Kf5 55. Rf8+ Ke5 56. Rg8 Kf5 57. Re8 Rc4 58. Rd8 Rc6 59. Ra8 Rb6 60. Ra5+ Ke6 61. Ra2 Kf5 62.
Kf2 Rc6 63. g3 Rc5 64. Kg2 Rb5 65. Kh3 Ke6 66. g4 hxg4+ 67. Kxg4 Rb4+ 68. f4 Rb1 69.
Ra3 Rg1+ 70. Rg3 Rh1 71. Rf3 Rg1+ 72. Rg3 Rh1 73. Rf3 Rg1+ 74. Rg3 1/2-1/2

[Event "*** Titled Tuesday Blitz"]
[Site "Chess.com"]
[Date "2021.04.27"]
[Round "8"]
[White "WisdomGame"]
[Black "Raud100"]
[Result "0-1"]
[WhiteElo "2148"]
[BlackElo "2462"]
[TimeControl "180+1"]
[EndTime "11:28:45 PDT"]
[Termination "Raud100 won on time"]

1. e4 d6 2. d4 Nf6 3. Nc3 g6 4. f4 Bg7 5. Nf3 c5 6. dxc5 Qa5 7. Bd3 Qxc5 8. Qe2 O-O 9. Be3 Qa5 10. O-O Bg4 11.
h3 Bxf3 12. Qxf3 Nc6 13. g4 Nd7 14. Bd2 Nd4 15. Qf2 Nc5 16. Nd5 Qd8 17. Bc3 Nc6 18.
Bxg7 Kxg7 19. f5 f6 20. Nf4 a5 21. Rad1 Ne5 22. a3 a4 23. Qd4 g5 24. Nd5 h5 25.
Be2 hxg4 26. Bxg4 Rh8 27. Kg2 Nxg4 28. hxg4 Rh4 29. Ne3 Qb6 30. Rh1 Rah8 31. Rxh4 Rxh4 32. Rh1 Rxh1 33. Kxh1 Qc6 34. Nd5 Kf7 35. Qc4 Nd7 36.
Qxc6 bxc6 37. Nb4 Ne5 38. b3 axb3 39. cxb3 Ke8 40. a4 Kd7 41. Kg2 Nxg4 42. a5 Kc7 43. a6 Ne5 44. Kf2 Kb6 45. Ke3 Ka7 46. Kf2 Kb6 47. Ke3 c5 48. Nd5+ Kxa6 49. Nxe7 Kb5 50. Ng8 Nd7 51. Kd3 Kb4 52. Kc2 g4 53. Ne7 g3 54. Nd5+ Ka3 55. Ne3 Ne5 56. Kc3 Ka2 57. Ng2 Kb1 58. b4 cxb4+ 59. Kxb4 Kc2 60. Kb5 Kd3 61.
Kb6 Kxe4 62. Kc7 d5 63. Kd6 d4 64. Ke6 Ng4 65. Kf7 d3 66. Kg6 d2 67. Kh5 d1=Q 68. Nh4 Ne5+ 69. Kh6 Qg4 70. Ng6 Qxf5 0-1

[Event "*** Titled Tuesday Blitz"]
[Site "Chess.com"]
[Date "2021.04.27"]
[Round "8"]
[White "enriquetejedor"]
[Black "NiranjanNavalgund"]
[Result "1-0"]
[WhiteElo "2602"]
[BlackElo "2475"]
[TimeControl "180+1"]
[EndTime "11:28:46 PDT"]
[Termination "enriquetejedor won by resignation"]

1. e4 e5 2. d3 Nf6 3. Nf3 Nc6 4.
Be2 d5 5. Nbd2 g5 6. O-O g4 7.
Ne1 Bc5 8. c3 Rg8 9. b4 Bb6 10.
a4 a6 11. Nc2 Be6 12. Ne3 h5 13. exd5 Nxd5 14. Nxd5 Bxd5 15. Nc4 Ba7 16. b5 g3 17. Bf3 Bxf2+ 18. Kh1 Qh4 19. h3 Be6 20. Rxf2 Bxh3 21. Rfa2 Be6+ 22. Kg1 Bxc4 23. dxc4 Rd8 24. Rd2 Rxd2 25. Bxd2 e4 26. bxc6 exf3 27. Qxf3 Qh2+ 28.
Kf1 Qh1+ 29. Ke2 Qxa1 30. cxb7 Qb1 31. Qe3+ Kf8 32. Qa7 Kg7 33. Qd4+ Kh7 34. Qd3+ Qxd3+ 35. Kxd3 Rb8 36. Bf4 Rxb7 37. Bxg3 Rb2 38. Bxc7 Rxg2 39.
c5 Rg6 40. Bd6 h4 41. Kd4 h3 42. Kd5 Rg5+ 43. Kc4 Rg2 44. c6 Rg6 45. Kc5 Rg5+ 46. Kb6 Rd5 47. Bf4 Rd3 48. c7 Rxc3 49. Kb7 Rc4 50.
Bh2 a5 51. c8=Q Rxc8 52. Kxc8 Kg6 53. Kb7 Kf5 54. Kb6 Ke4 55. Kxa5 f5 56. Kb4 Kf3 57. a5 Kg2 58. Be5 Kf3 59. a6 f4 60. Bxf4 Kxf4 61. a7 h2 62. a8=Q Kg3 63. Qh1 Kh3 64. Kc3 Kg3 65.
Kd3 Kf2 66. Qxh2+ Kf3 67. Qg1 Kf4 68. Qg6 Ke5 69. Qe4+ Kf6 70. Kd4 Kg7 71. Qf5 Kh8 72. Ke5 Kg7 73. Ke6 Kh8 74. Qg4 1-0

[Event "*** Titled Tuesday Blitz"]
[Site "Chess.com"]
[Date "2021.04.27"]
[Round "8"]
[White "juancruzarias"]
[Black "vinniethepooh"]
[Result "1-0"]
[WhiteElo "2600"]
[BlackElo "2710"]
[TimeControl "180+1"]
[EndTime "11:28:48 PDT"]
[Termination "juancruzarias won by resignation"]

1. d4 Nf6 2. Nf3 d5 3. e3 c5 4. c3 Nc6 5. Nbd2 e6 6. Bd3 Qc7 7. O-O Bd7 8. Qe2 Rc8 9. Re1 Be7 10. dxc5 Bxc5 11. e4 Ng4 12. Rf1 O-O 13. Nb3 Bd6 14. h3 Nge5 15. Bb1 Nxf3+ 16. Qxf3 Ne5 17. Qh5 dxe4 18.
Bxe4 f5 19. Bc2 Bb5 20. Re1 Rfe8 21. Nd4 Bd7 22. Bf4 Ng6 23. Bxd6 Qxd6 24. Rad1 Qc7 25.
Nf3 Nf4 26. Qh4 Bc6 27. Qg3 Bxf3 28. Qxf3 Rcd8 29. Bb3 Rxd1 30. Rxd1 Kf7 31. Kh1 g5 32. g3 Ng6 33. Qxf5+ Kg7 34. Qxg5 Qc6+ 35. Kg1 Rf8 36. h4 Rf5 37. Qd8 Ne5 38. Qd6 Nf3+ 39. Kh1 Qe4 40.
Qe7+ Rf7 41. Qxe6 Ne5+ 42. Kg1 Nf3+ 43. Kf1 Nh2+ 44. Kg1 Nf3+ 45. Kg2 Ne5+ 46. f3 Qxf3+ 47. Kh2 Qe2+ 48. Kh3 Rf6 49. Qe7+ Kg6 50. Qe8+ Kh6 51.
Qc8 Qg4+ 52. Qxg4 Nxg4 53. Kxg4 Rf2 54. Kh3 Rxb2 55. Rd6+ Kg7 56. Rd5 b6 57. Rd7+ Kf6 58.
Rxa7 h5 59. Rb7 Kf5 60. Rxb6 Ke4 61. Rb4+ Kf3 62. Rf4+ Ke3 63. c4 Rb1 64. c5 Rg1 65. c6 Kd3 66. c7 Rc1 67. Rc4 Rh1+ 68. Kg2 1-0

[Event "*** Titled Tuesday Blitz"]
[Site "Chess.com"]
[Date "2021.04.27"]
[Round "8"]
[White "AldokhinIvan"]
[Black "TeukkaSalama"]
[Result "0-1"]
[WhiteElo "2531"]
[BlackElo "2393"]
[TimeControl "180+1"]
[EndTime "11:28:55 PDT"]
[Termination "TeukkaSalama won by resignation"]

1. e4 c6 2. Nc3 d5 3. d4 dxe4 4.
Nxe4 Nf6 5. Nxf6+ exf6 6. c3 Bd6 7. Bd3 O-O 8. Ne2 Re8 9. Qc2 h5 10. Be3 h4 11. O-O-O Be6 12. Kb1 Na6 13. Nf4 Bxf4 14. Bxf4 Nc7 15. c4 b5 16. d5 cxd5 17. cxb5 Rc8 18.
Qe2 Qd7 19. Qh5 g6 20. Qxh4 Bf5 21. Qxf6 Bxd3+ 22. Rxd3 Re6 23. Qd4 Nxb5 24. Qxd5 Qe8 25. Rhd1 Rb6 26. Ka1 Rbc6 27. a4 Ra6 28. b3 Qf8 29.
Qd8 Rxd8 30. Rxd8 Nc3 31. R1d3 Ne2 32. Rxf8+ Kxf8 33. Be5 f6 34. Bb2 Kf7 35. Re3 Ng1 36. h3 Rd6 37. Rc3 Rd1+ 38. Ka2 Ne2 39. Rc6 Rd2 40. Rxf6+ Ke7 41. Rxg6 Nc3+ 42. Ka3 Nb1+ 43. Ka2 Nc3+ 44. Ka3 Nb1+ 45. Kb4 Rxb2 46. f4 Rf2 47. g3 Nd2 48. h4 Rf3 49. h5 Rxb3+ 50. Kc5 Ra3 51.
h6 Ra1 52. g4 Rh1 53. g5 Ne4+ 54. Kd5 Ng3 55. Rg7+ Kf8 56. Ke6 Re1+ 57. Kd5 Nh5 58. Rxa7 Nxf4+ 59. Kc4 Rh1 60. h7 Ng6 61. a5 Ne7 62. Kd4 Rxh7 63. Ke4 Rh4+ 64. Kf3 Ra4 65. g6 Nxg6 66. Ke3 Ne7 67. Kd3 Ke8 68. a6 Kd8 69.
Ra8+ Nc8 70. a7 Kc7 71. Rxc8+ Kxc8 72. a8=Q+ Rxa8 73. Kc4 Rb8 74. Kd5 Rb7 75. Ke6 Rc7 76. Kf5 Rd7 77. Ke4 Kc7 78. Kf3 Rd6 79. Kg3 Kc6 0-1

[Event "*** Titled Tuesday Blitz"]
[Site "Chess.com"]
[Date "2021.04.27"]
[Round "8"]
[White "TokChess"]
[Black "Chessbard1972"]
[Result "1-0"]
[WhiteElo "2394"]
[BlackElo "2251"]
[TimeControl "180+1"]
[EndTime "11:29:00 PDT"]
[Termination "TokChess won by checkmate"]

1. e4 c5 2. Nf3 a6 3. c3 d5 4.
exd5 Qxd5 5. d4 Nf6 6. Nbd2 cxd4 7. Bc4 Qd8 8. Nxd4 e6 9. O-O Be7 10. Re1 O-O 11. N2f3 b5 12. Bb3 Bb7 13. Qe2 Bd5 14.
Bg5 Bxb3 15. axb3 Qd5 16. c4 bxc4 17. bxc4 Qb7 18. Nxe6 fxe6 19. Qxe6+ Rf7 20. Ne5 Bf8 21. Re3 Qe7 22. Nxf7 Qxf7 23. Bxf6 Qxe6 24. Rxe6 Kf7 25.
Rb6 gxf6 26. b4 Nd7 27. Rbxa6 Rxa6 28. Rxa6 Bxb4 29. f4 f5 30. Kf1 Bc5 31. Rc6 Be3 32. g3 Nf6 33. Ke2 Bg1 34. h3 Ne4 35. Kf3 h5 36. g4 h4 37. gxf5 Nf6 38. Rc7+ Kg8 39. Rc6 Kf7 40. Rc7+ Kf8 41. c5 Ke8 42. c6 Nd5 43. Rh7 Bb6 44. Rxh4 Bc7 45. Rh8+ Ke7 46. Rh7+ Kd6 47. Rg7 Kxc6 48. Rg6+ Kd7 49. h4 Ke7 50. h5 Nf6 51. h6 Bd8 52. h7 Nxh7 53. Rg7+ Kf6 54.
Rxh7 Ba5 55. Ke4 Bc3 56. Rb7 Ba1 57. Rb6+ Kf7 58. Ra6 Bb2 59. Rc6 Ba1 60. Rc7+ Kf6 61. Rc6+ Kf7 62. Kf3 Bb2 63. Kg4 Ba1 64. Kg5 Bb2 65.
Rc7+ Kf8 66. Rb7 Bc3 67. Kg6 Bd4 68. f6 Ke8 69. f5 Bc5 70. f7+ Kf8 71. Rb8+ Ke7 72.
Re8+ Kd7 73. f8=Q Bxf8 74. Rxf8 Ke7 75. Rf6 Kd7 76. Re6 Kc7 77. Kg5 Kb7 78. Kf4 Ka7 79.
Ke5 Kb7 80. f6 Kc7 81. f7 Kd7 82. f8=Q Kc7 83. Qd6+ Kb7 84. Qd7+ Ka8 85. Re8# 1-0

[Event "*** Titled Tuesday Blitz"]
[Site "Chess.com"]
[Date "2021.04.27"]
[Round "8"]
[White "KaspMagAlpha"]
[Black "pavelalexandru07"]
[Result "0-1"]
[WhiteElo "2222"]
[BlackElo "2339"]
[TimeControl "180+1"]
[EndTime "11:29:00 PDT"]
[Termination "pavelalexandru07 won by checkmate"]

1. d4 Nf6 2. c4 e6 3. g3 c5 4. d5 exd5 5. cxd5 d6 6. Bg2 g6 7.
Nf3 Bg7 8. O-O O-O 9. Nc3 Re8 10.
Nd2 Nbd7 11. a4 a6 12. Nc4 Ne5 13. Na3 Nh5 14. h3 Rb8 15. Kh2 Rf8 16. f4 Nd7 17. e4 f5 18. exf5 Nhf6 19. fxg6 hxg6 20. Qd3 Re8 21.
Qxg6 Nf8 22. Qd3 Bd7 23. Bd2 Qe7 24. Rae1 Qf7 25. Nc4 Qh5 26. Nxd6 Ng4+ 27. Kg1 Bd4+ 28. Kh1 Nf2+ 29. Rxf2 Bxf2 30. Nxe8 Rxe8 31. Rxe8 Bxh3 32. Bf3 Qxe8 33. Qe2 Qxe2 34. Bxe2 Bxg3 35. Bf3 Nd7 36. d6 b6 37. Nd5 Kf7 38. Bh5+ Ke6 39. Nc7+ Kxd6 40.
Nxa6 Be6 41. Bf3 Bf2 42. Kg2 Bd4 43. b4 c4 44. b5 c3 45. Bc1 Nc5 46. Nxc5 Kxc5 47.
Be4 Kc4 48. f5 Bf7 49. Bg5 Kb3 50. Kf3 c2 51. Ke2 Bb2 52. a5 bxa5 53. b6 c1=Q 54. b7 Qc4+ 55. Bd3 Qg4+ 56. Kf1 Qf3+ 57. Kg1 Bd4+ 58. Kh2 Qf2+ 59. Kh3 Qf3+ 60. Kh2 Be5+ 61. Kg1 Qg3+ 62. Kf1 Qxd3+ 63. Ke1 Qe3+ 64. Bxe3 a4 65. Bd4 Bd6 66. Ba1 Ka2 67. Bc3 a3 68. Kd2 Kb3 69.
Ba1 Bb8 70. Kd3 Bd5 71. f6 Bf7 72. Kd4 Ka2 73. Kd3 Kxa1 74. Kd4 Ka2 75. Kc5 Kb3 76. Kc6 a2 77. Kd7 a1=Q 78. Kc8 Qe5 79. Kd7 Qe6+ 80.
Kd8 Qd6+ 81. Kc8 Qc7# 0-1

[Event "*** Titled Tuesday Blitz"]
[Site "Chess.com"]
[Date "2021.04.27"]
[Round "8"]
[White "NoboaKevin1999"]
[Black "BigAl"]
[Result "1-0"]
[WhiteElo "2460"]
[BlackElo "2556"]
[TimeControl "180+1"]
[EndTime "11:29:02 PDT"]
[Termination "NoboaKevin1999 won by resignation"]

1. d4 Nf6 2. c4 g6 3. Nc3 Bg7 4.
e4 O-O 5. h3 d6 6. Bg5 c5 7. d5 e6 8. Nf3 h6 9. Be3 Na6 10. Bd3 Nc7 11. a4 a6 12. O-O e5 13.
Qd2 Kh7 14. Ne2 a5 15. Nh2 Na6 16. Rae1 Nb4 17. Bb1 b6 18. b3 Ra7 19. g4 Ng8 20. Ng3 Kh8 21. Kg2 Re7 22. f3 Ree8 23. Rh1 Qh4 24.
Nhf1 Bf6 25. Qf2 Bg5 26. Ne2 Qxf2+ 27. Kxf2 Bh4+ 28. Neg3 f5 29. exf5 gxf5 30. gxf5 Bxf5 31. Ke2 Bxb1 32. Rxb1 Nc2 33. Ne4 Nd4+ 34. Bxd4 exd4 35. Nd2 Bg3 36. Rhg1 Bf4 37. Rg6 Bxd2 38. Kxd2 Rxf3 39. Re1 Rxh3 40. Reg1 Rh2+ 41. Kc1 Rf8 42. Nxd6 Nf6 43. Nf5 Ng8 44. Nd6 Nf6 45. Rg7 Rh3 46. Nf7+ Rxf7 47.
Rxf7 Nh7 48. Re1 Rg3 49. Re8+ Rg8 50. Rxg8+ Kxg8 51. Rb7 h5 52. Kd2 Ng5 53. Rxb6 h4 54.
Rh6 Kg7 55. Rh5 Kg6 56. Rh8 h3 57. d6 Kf6 58. d7 Nf3+ 59. Kd3 Ne5+ 60. Ke4 Nxd7 61.
Rxh3 Ke6 62. Rh6+ Nf6+ 63. Kd3 Ke5 64. Rh8 Nd7 65. Ra8 Kf4 66. Rxa5 Ne5+ 67. Kc2 Ke3 68. Rxc5 d3+ 69. Kd1 Nf3 70. Rd5 Nd4 71. a5 Nxb3 72. a6 Na5 73. a7 Nxc4 74. a8=Q d2 75. Qe8+ Kf2 76. Rxd2+ Kf3 77. Qf7+ Kg4 78. Qxc4+ 1-0

[Event "*** Titled Tuesday Blitz"]
[Site "Chess.com"]
[Date "2021.04.27"]
[Round "8"]
[White "WuinaterJr"]
[Black "chesslh19"]
[Result "1/2-1/2"]
[WhiteElo "2493"]
[BlackElo "2274"]
[TimeControl "180+1"]
[EndTime "11:29:05 PDT"]
[Termination "Game drawn by stalemate"]

1. e4 e5 2. Nf3 Nf6 3. d4 exd4 4. e5 Ne4 5. Qxd4 d5 6. exd6 Nxd6 7. Be2 Nc6 8. Qd1 Be7 9. O-O O-O 10. Nc3 Nf5 11.
Bf4 Nfd4 12. Bd3 Bg4 13. Be4 Bh5 14. Bxc6 Nxc6 15. Qxd8 Rfxd8 16. Bxc7 Rd7 17. Bg3 Bxf3 18. gxf3 Nd4 19. Kg2 Nxc2 20. Rac1 Nb4 21. a3 Nc6 22. Ne4 h6 23. Nc5 Bxc5 24. Rxc5 Rad8 25. Rfc1 Rd5 26. b4 Rxc5 27. Rxc5 a6 28. b5 axb5 29. Rxb5 Rd7 30. Rb6 Nd4 31. Be5 Ne6 32. f4 g6 33.
Rb3 Kf8 34. Rc3 Ke7 35. Rb3 f6 36. Bb2 Nxf4+ 37. Kf3 Rd3+ 38. Rxd3 Nxd3 39. Bd4 Ne5+ 40. Ke4 Nc6 41. Be3 Ke6 42. Bxh6 Ne7 43. Bd2 Nf5 44.
f4 Nd6+ 45. Kd3 Kd5 46. Bc3 f5 47. Be5 Ne4 48. h3 Nf2+ 49. Kc3 Nxh3 50. Bb8 Nf2 51. Kb4 Kc6 52. Kc4 Ne4 53. Kd4 g5 54. fxg5 Nxg5 55.
Ke5 Nf3+ 56. Kxf5 Nd4+ 57. Ke4 Nb5 58. Kd3 Nxa3 59. Kc3 Nb5+ 60. Kb3 Nd4+ 61. Kb2 Ne6 62. Bh2 Nc5 63. Bg1 Kb5 64. Ka2 Na6 65. Ka3 Nc5 66. Kb2 Nd3+ 67. Kc2 Ne5 68. Kb3 Nc6 69. Bf2 Na5+ 70. Kc2 Nc6 71. Kb2 Nb4 72. Kb3 Nc6 73. Kc2 Nb8 74. Kb3 Nd7 75. Kc2 Nc5 76. Kb2 Kc4 77.
Kc2 b5 78. Bxc5 Kxc5 79. Kc3 b4+ 80. Kb3 Kb5 81. Kb2 Kc4 82. Kc2 b3+ 83. Kb2 Kb4 84.
Kb1 Kc3 85. Kc1 Kb4 86. Kb2 Ka4 87. Kb1 Ka3 88. Ka1 b2+ 89. Kb1 Kb3 1/2-1/2

[Event "*** Titled Tuesday Blitz"]
[Site "Chess.com"]
[Date "2021.04.27"]
[Round "8"]
[White "SilviusTiberius"]
[Black "anon6121824"]
[Result "0-1"]
[WhiteElo "2632"]
[BlackElo "2823"]
[TimeControl "180+1"]
[EndTime "11:29:06 PDT"]
[Termination "anon6121824 won by resignation"]

1. e4 Nf6 2. e5 Nd5 3. d4 Nb6 4. a4 a5 5. f4 d6 6. Nf3 g6 7. Bb5+ c6 8. Bd3 Bg7 9. O-O dxe5 10. fxe5 Bg4 11. c3 O-O 12. h3 Bxf3 13. Qxf3 N8d7 14. Qe2 c5 15. Nd2 cxd4 16. cxd4 Nd5 17. Nf3 N7b6 18. Bg5 Qd7 19. Qe4 f6 20. e6 Qd6 21. Bd2 Nb4 22. Bxb4 axb4 23. Qxb7 f5 24. a5 Rfb8 25. Qxb8+ Rxb8 26. axb6 Bxd4+ 27. Kh1 Bxb6 28. Bc4 Rc8 29. b3 Qg3 30.
Rad1 Bc7 31. Rd7 Bd6 32. Re1 g5 33. Rd1 g4 34. R7xd6 exd6 35. e7+ Kg7 36. Nd4 Qe5 37. Ne6+ Kh8 38. Rf1 gxh3 39. gxh3 Re8 40. Ng5 Rxe7 41. Nf7+ Rxf7 42. Bxf7 Qe4+ 43. Kh2 f4 44. Rg1 h6 45.
Rg8+ Kh7 46. Rg2 Qe5 47. Bg6+ Kg7 48. Bc2+ Kf7 49. Rf2 f3+ 50. Kg1 Qg3+ 51. Kf1 Qxh3+ 52.
Ke1 Qe6+ 53. Kd2 Qd5+ 54. Bd3 Ke7 55. Ke3 Qxb3 56. Rxf3 Qe6+ 57. Kf2 Qd5 58. Re3+ Kd7 59. Be4 Qf7+ 60. Ke2 Qc4+ 61. Bd3 Qa2+ 62. Kf3 b3 63. Bc4 Qa8+ 64. Kf4 b2 65. Be6+ Kd8 66. Bf5 Qa4+ 67.
Kf3 Qd1+ 68. Kf4 b1=Q 69. Bxb1 Qxb1 70. Re6 Qf1+ 71. Kg3 Qf5 72. Re1 Qe5+ 73. Rxe5 dxe5 74. Kg4 Ke7 75. Kf5 Kd6 76. Ke4 Ke6 0-1

[Event "*** Titled Tuesday Blitz"]
[Site "Chess.com"]
[Date "2021.04.27"]
[Round "8"]
[White "klimkoj"]
[Black "Durarbayli"]
[Result "1/2-1/2"]
[WhiteElo "2619"]
[BlackElo "2732"]
[TimeControl "180+1"]
[EndTime "11:29:07 PDT"]
[Termination "Game drawn - insufficient material"]

1. e4 e5 2. Nf3 Nc6 3. Bb5 a6 4.
Ba4 Nge7 5. O-O g6 6. d4 exd4 7. Nxd4 Bg7 8. Nxc6 Nxc6 9. c3 O-O 10. Be3 b5 11.
Bc2 d6 12. Nd2 Re8 13. Nb3 Ne5 14. Rb1 c5 15. h3 Bb7 16. Nd2 Qc7 17. b3 Rad8 18.
Re1 h6 19. Nf1 d5 20. f4 dxe4 21. Qc1 Nd3 22. Bxd3 exd3 23. Qd2 b4 24. cxb4 cxb4 25. Qf2 Bc3 26. Nd2 Qc6 27. f5 Rxe3 28. Rxe3 Bd4 29. Nc4 d2 30. Rd1 Bxe3 31. Nxe3 Re8 32. Rxd2 Qc1+ 33. Nf1 g5 34. Rc2 Qb1 35. Rb2 Qa1 36. Re2 Rxe2 37. Qxe2 Qd4+ 38. Kh2 a5 39. Ng3 Qd5 40.
Qe8+ Kh7 41. Qe2 Bc6 42. Qc2 Kg8 43. Qe2 Kf8 44. Qf2 Qd6 45. Qb2 Kg8 46. Qe2 Kf8 47. Qb2 Kg8 48. Qe2 Qf4 49. Qe7 h5 50. Qd8+ Kg7 51.
f6+ Kh7 52. Qf8 Qxf6 53. Nxh5 Qg6 54. Ng3 g4 55. h4 Bd5 56. h5 Qf6 57. Qc5 Qe5 58. Qf2 Kg7 59. Qf5 Qxf5 60. Nxf5+ Kf6 61.
Ne3 Be6 62. Kg3 Kg5 63. h6 Kxh6 64. Nxg4+ Kg5 65. Ne3 f5 66. Kf2 f4 67. Nc2 Bf5 68. Nd4 Bb1 69. Nc6 Bxa2 70. Nxa5 Kg4 71. Nc6 Bxb3 72. Nxb4 Bc4 73. Nc2 Kg5 74. Ne3 fxe3+ 75. Kxe3 Bd5 76. g4 Bg2 77. Kd4 Kxg4 1/2-1/2